 Dungeon Crawl Stone Soup version 0.19.1 (webtiles) character file.

66 SQman the Grave Robber (level 4, -4/32 (33) HPs)
             Began as a Ghoul Necromancer on Dec 5, 2016.
             Was an Initiate of Okawaru.
             Killed by divine providence
             ... invoked by an orc priest
              (9 damage)
             ... on level 3 of the Dungeon.
             The game lasted 00:14:01 (1494 turns).

SQman the Grave Robber (Ghoul Necromancer)          Turns: 1494, Time: 00:14:02

HP:   -4/32 (33)    AC:  3    Str: 10 (11) XL:     4   Next: 15%
MP:   1/6           EV: 12    Int:  9 (11) God:    Okawaru [......]
Gold: 118           SH:  0    Dex:  7 (9)  Spells: 3 memorised, 1 level left

rFire  . . .     SeeInvis .     g - -3 flail (curse)
rCold  + . .     Gourm    .     a - +0 robe
rNeg   + + +     Faith    +     (no shield)
rPois  ∞         Spirit   .     (no helmet)
rElec  .         Reflect  .     h - +0 cloak
rCorr  .         Harm     .     (no gloves)
MR     .....                    (no boots)
Stlth  ++........               d - amulet of faith
                                (no ring)
                                (no ring)

@: very slightly contaminated, rotting
A: rotting body, claws 1, carnivore 3, cold resistance 1, negative energy
resistance 3, slow regeneration 1, torment resistance, unbreathing
a: Renounce Religion


You were on level 3 of the Dungeon.
You worshipped Okawaru.
Okawaru was noncommittal.
You were not hungry.

You visited 1 branch of the dungeon, and saw 3 of its levels.

You collected 118 gold pieces.

Inventory:

Hand Weapons
 g - a cursed -3 flail (weapon)
 i - a +0 hand axe
 j - a cursed -3 spear
 k - a +0 falchion
 n - a +4 quarterstaff of chaos
Armour
 a - a +0 robe (worn)
 e - a +0 chain mail
 h - a +0 cloak (worn)
 p - a +0 cloak
Jewellery
 d - an amulet of faith (around neck)
Scrolls
 f - a scroll of teleportation
Potions
 l - a potion of curing
 o - a potion of degeneration
Books
 b - a book of Necromancy

   Spells                             Type                      Level
   a - Pain                           Necromancy                   1
   b - Animate Skeleton               Necromancy                   1
   c - Vampiric Draining              Necromancy                   3
   d - Regeneration                   Charms/Necromancy            3
   e - Animate Dead                   Necromancy                   4
   f - Control Undead                 Necromancy                   4
Comestibles
 c - a meat ration
 m - 2 beef jerkies


   Skills:
 + Level 0.2 Fighting
 + Level 0.1 Armour
 + Level 1.9 Dodging
 + Level 2.5 Stealth
 + Level 0.4 Unarmed Combat
 + Level 2.4 Spellcasting
 + Level 4.8 Necromancy


You had one spell level left.
You knew the following spells:

 Your Spells              Type           Power        Failure   Level  Hunger
a - Pain                  Necr           #...         6%          1    ##.....
b - Animate Skeleton      Necr           N/A          6%          1    ##.....
c - Animate Dead          Necr           N/A          54%         4    #####..


Dungeon Overview and Level Annotations

Branches:
Dungeon (3/15)

Altars:
Okawaru


Innate Abilities, Weirdness & Mutations

Your body is rotting away.
You thrive on raw meat.
You are immune to poison.
You have sharp fingernails.
You are carnivorous and can eat meat at any time.
Your flesh is cold resistant. (rC+)
You are immune to negative energy. (rN+++)
You regenerate slowly when monsters are visible.
You are immune to unholy pain and torment.
You can survive without breathing.


Message History

* * * LOW HITPOINT WARNING * * *
The kobold barely misses you.
You barely miss the orc.
The orc priest hits you but does no damage.
The orc hits you with a short sword.
* * * LOW HITPOINT WARNING * * *
The kobold hits you.
* * * LOW HITPOINT WARNING * * *
The orc barely misses you. The orc closely misses you. The kobold hits you.
* * * LOW HITPOINT WARNING * * *
The orc priest barely misses you.
Unknown command.
Unknown command.
You closely miss the orc. The orc barely misses you.
The kobold barely misses you. The orc closely misses you.
The orc hits you with a club.
* * * LOW HITPOINT WARNING * * *
The orc priest calls down the wrath of Beogh upon you.
Beogh smites you!
You die...

.### ##
......
##..#.# ##
<..#.#..
.#####.....#
..K........#
####.##.#.#
#..Koo....#
#..o@o....#
#.(.......#
#.........#
#.........#
#.........#
#.........#
..........#
#...........


You could see an orc priest, 3 orcs and a kobold.

Vanquished Creatures
  Crazy Yiuf (D:2)
  A gnoll (D:1)
  2 dart slugs
  A leopard gecko (D:2)
  An orc (D:3)
  2 bats (D:2)
  A goblin (D:1)
  3 hobgoblins
  2 kobolds
  A frilled lizard (D:2)
  3 rats
18 creatures vanquished.

Vanquished Creatures (collateral kills)
  A leopard gecko (D:1)
  2 ball pythons (D:1)
  A goblin (D:1)
4 creatures vanquished.

Grand Total: 22 creatures vanquished

Notes
Turn   | Place    | Note
-------+----------+-------------------------------------------
     0 | D:1      | SQman the Ghoul Necromancer began the quest for the Orb.
     0 | D:1      | Reached XP level 1. HP: 14/14 MP: 2/2
    21 | D:1      | Learned a level 1 spell: Animate Skeleton
    95 | D:1      | Reached XP level 2. HP: 6/20 MP: 0/3
   223 | D:1      | Found an iron altar of Okawaru.
   249 | D:1      | Became a worshipper of Warmaster Okawaru
   837 | D:1      | Reached XP level 3. HP: 17/26 MP: 0/5
  1131 | D:2      | Found a runed door.
  1135 | D:2      | Noticed Crazy Yiuf
  1140 | D:2      | Killed Crazy Yiuf
  1140 | D:2      | Reached XP level 4. HP: 17/32 MP: 0/6
  1432 | D:2      | Learned a level 4 spell: Animate Dead
  1494 | D:3      | Killed from afar by an orc priest

Skill      XL: |  1  2 |
---------------+-------+-----
Spellcasting   | 2 |  2.4
Fighting       | |  0.2
Armour         | |  0.1
Dodging        | |  1.9
Stealth        | |  2.5
Unarmed Combat | |  0.4
Necromancy     | |  4.8

Action                   |  1- 3 |  4- 6 || total
-------------------------+-------+-------++-------
Melee: Unarmed           |     8 |       ||     8
       Flail             |    48 |    10 ||    58
 Cast: Pain              |    31 |    11 ||    42
       Animate Skeleton  |     2 |     3 ||     5
  Use: Potion            |     6 |     1 ||     7
       Scroll            |     1 |       ||     1
  Eat: Chunk             |     5 |     2 ||     7
Armor: Chain mail        |     1 |       ||     1
       Robe              |    16 |     6 ||    22
Dodge: Dodged            |    52 |    30 ||    82
